 Dungeon Crawl Stone Soup version 0.26-a0-683-g5206c1d7ac (webtiles) character file.

Game seed: 10518712072974116308

66262 snetch the Severer (level 14, -2/137 HPs)
             Began as a Minotaur Berserker on Oct 19, 2020.
             Was the Champion of Trog.
             Splashed by an oklob plant's acid (4 damage)
             ... on level 2 of the Lair of Beasts on Oct 22, 2020.
             The game lasted 01:35:04 (22431 turns).

snetch the Severer (Minotaur Berserker)            Turns: 22431, Time: 01:35:04

Health: -2/137     AC: -2    Str: 33    XL:     14   Next: 78%
Magic:  20/22      EV: 14    Int:  4    God:    Trog [******]
Gold:   1677       SH:  0    Dex: 10    Spells: 13/13 levels left

rFire    + + .     SeeInvis .   d - +8 dagger "Kauddara" {protect, +Blink Str+6}
rCold    + . .     Faith    .   (no shield)
rNeg     + . .     Spirit   .   f - +0 acid dragon scales
rPois    .         Reflect  .   x - +1 hat
rElec    .         Harm     .   m - scarf {rC+ rF+}
rCorr    +         Rampage  .   j - +1 pair of gloves of Repulsion {MP+9}
MR       ++++.     Clarity  +   (no boots)
Stlth    +.........             s - amulet of the Four Winds {rN+ MR+++ Clar}
HPRegen  0.32/turn              l - ring of flight
MPRegen  0.18/turn              i - ring of protection from fire

@: corroded, flying
A: retaliatory headbutt, horns 2
a: Berserk, Trog's Hand, Brothers in Arms, Renounce Religion, Evoke Blink, Stop
Flying


You were on level 2 of the Lair of Beasts.
You worshipped Trog.
Trog was exalted by your worship.
You visited 4 branches of the dungeon, and saw 20 of its levels.
You also visited: Ossuary and Gauntlet.

You collected 1677 gold pieces.

Inventory:

Hand Weapons
 a - the +5 battleaxe of Disaster {vorpal, rC++}
   (You took it off a skeletal warrior on level 9 of the Dungeon)

   It inflicts extra damage upon your enemies.
   It greatly protects you from cold.
 b - a +1 war axe of flaming
 c - a +2 halberd of protection
 d - the +8 dagger "Kauddara" (weapon) {protect, +Blink Str+6}
   (You found it on level 9 of the Dungeon)

   It grants its wielder temporary protection when it strikes (+7 to AC).
   It affects your strength (+6).
   It lets you blink.
 e - the +8 whip "Snakebite" {curare, rPois}
   (You found it on level 1 of the Lair of Beasts)

   It poisons the flesh of those it strikes.
   It protects you from poison.
Missiles
 w - 25 boomerangs
 A - 33 javelins
 C - 43 poisoned darts (quivered)
 P - 11 datura-tipped darts
 S - 2 throwing nets
 U - 5 boomerangs of dispersal
 W - 2 atropa-tipped darts
Armour
 f - +0 acid dragon scales (worn)
 j - the +1 pair of gloves of Repulsion (worn) {MP+9}
   (You found it on level 9 of the Dungeon)

   It affects your magic capacity (+9).
 m - a scarf of resistance (worn)
 x - a +1 hat (worn)
 V - the +10 chain mail of Entitlement {rPois}
   (You found it on level 10 of the Dungeon)

   It protects you from poison.
Jewellery
 i - a ring of protection from fire (right hand)
 l - a ring of flight (left hand)
 s - the amulet of the Four Winds (around neck) {rN+ MR+++ Clar}
   (You took it off a minotaur in a Gauntlet)

   [amulet of nothing]

   It protects you from negative energy.
   It affects your resistance to hostile enchantments.
   It protects you against confusion.
 Y - a +6 ring of intelligence
Wands
 g - a wand of flame (79)
 h - a wand of paralysis (7)
 K - a wand of polymorph (44)
 L - a wand of iceblast (19)
 Q - a wand of acid (6)
 Z - a wand of random effects (16)
Scrolls
 q - 10 scrolls of teleportation
 t - 6 scrolls of blinking {unknown}
 y - 6 scrolls of amnesia {unknown}
 z - 4 scrolls of remove curse
 D - 3 scrolls of immolation {unknown}
 E - 2 scrolls of enchant armour
 F - 3 scrolls of fog
 H - 3 scrolls of fear {unknown}
 I - a scroll of torment
 N - 3 scrolls of magic mapping
 O - 6 scrolls of enchant weapon
Potions
 k - 8 potions of curing {unknown}
 n - 8 potions of ambrosia {unknown}
 p - 5 potions of lignification
 r - 6 potions of stabbing {unknown}
 u - 2 potions of haste
 v - 6 potions of flight {unknown}
 B - 3 potions of resistance
 G - a potion of invisibility
 J - 3 potions of cancellation
 M - a potion of mutation
 R - 3 potions of heal wounds
 T - 3 potions of might
Miscellaneous
 o - a box of beasts (1/3)
 X - a phantom mirror


   Skills:
 + Level 16.2 Fighting
 - Level 20.0 Axes
 + Level 1.7 Throwing
 + Level 14.0 Armour
 + Level 5.5 Dodging
 + Level 2.1 Stealth
 + Level 2.4 Evocations


You had 13 spell levels left.
You didn't know any spells.
Your spell library contained the following spells:

 Spells                   Type           Power        Failure   Level
 Animate Skeleton         Necr           #.....       54%         1
 Beastly Appendage        Tmut           #.....       54%         1
 Magic Dart               Conj           #...         54%         1
 Pain                     Necr           #...         54%         1
 Sandblast                Erth           #.....       54%         1
 Blink                    Tloc           N/A          67%         2
 Call Imp                 Summ           #.......     67%         2
 Passwall                 Tmut/Erth      #.......     67%         2
 Searing Ray              Conj           #.....       67%         2
 Slow                     Hex            #.......     67%         2
 Wereblood                Tmut           #.......     67%         2
 Conjure Flame            Conj/Fire      #.......     88%         3
 Dazzling Flash           Conj/Hex       #.....       88%         3
 Mephitic Cloud           Conj/Pois/Air  #.......     88%         3
 Spider Form              Tmut/Pois      #.........   88%         3
 Stone Arrow              Conj/Erth      #.....       88%         3
 Vampiric Draining        Necr           #.........   88%         3
 Animate Dead             Necr           #.........   99%         4
 Fulminant Prism          Conj/Hex       #.........   99%         4
 Ice Form                 Ice/Tmut       #.......     99%         4
 Iskenderun's Mystic Bla  Conj/Tloc      #.......     99%         4
 Leda's Liquefaction      Hex/Erth       #.........   99%         4
 Petrify                  Tmut/Erth      #.......     99%         4
 Agony                    Necr           #.......     100%        5
 Blade Hands              Tmut           #.........   100%        5
 Bolt of Magma            Conj/Fire/Erth #.........   100%        5
 Lee's Rapid Deconstruct  Erth           #.........   100%        5
 Iron Shot                Conj/Erth      #.........   100%        6
 Statue Form              Tmut/Erth      #........    100%        6
 Shatter                  Erth           #.........   100%        9


Dungeon Overview and Level Annotations

Branches:
Dungeon (14/15)            Temple (1/1) D:4            Lair (3/6) D:9
 Shoals (0/4) Lair:2          Orc (2/2) D:12            Elf (0/3) Orc:2
 Vaults (0/5) D:13        Ossuary (visited)         Gauntlet (visited)
  Snake: Lair:2-4    Spider: Lair:2-4

Altars:
Ashenzari
Cheibriados
Dithmenos
Elyvilon
Fedhas
Gozag
Hepliaklqana
Kikubaaqudgha
Makhleb
Nemelex Xobeh
Okawaru
Qazlal
Ru
Sif Muna
Trog
Uskayaw
Vehumet
Wu Jian
Xom
Yredelemnul
Zin
The Shining One
Beogh

Shops:
Orc:2 [=[(

Annotations:
Lair:2 exclusion: 2 oklob plants
Orc:2 2 transporters, Jorgrun; om's ghost, journeyman HOFi


Innate Abilities, Weirdness & Mutations

You reflexively headbutt those who attack you in melee.
You have a pair of horns on your head.


Message History

You headbutt the oklob plant.
The oklob plant is heavily damaged.
The oklob plant spits acid at you. The splash of acid hits you. You resist.
* * * LOW HITPOINT WARNING * * *
The acid corrodes you!
You are splashed with acid!
You resist.
* * * LOW HITPOINT WARNING * * *
You feel very buoyant.
You fly up into the air.
The oklob plant spits acid at you. The splash of acid hits you! You resist.
* * * LOW HITPOINT WARNING * * *
You are splashed with acid!
You resist.
* * * LOW HITPOINT WARNING * * *
You blink.
The oklob plant spits acid at you. The splash of acid hits you! You resist.
* * * LOW HITPOINT WARNING * * *
You are splashed with acid.
You resist.
You die...

##...... #...... ##.....
###....P #.......
###..... #### #.....
#######..# #### ###.....
#.....†.@###..####.#...#.
#$P§................##...
#$.$......#.P#.###<..##..
#P?...P..#########P......
#?.$..P..# #........
#######...# ##........
#.#P# #......... #####
#.#....... ##........


You could see 2 oklob plants.

Vanquished Creatures
  Frances (D:12)
  A stone giant (Orc:2)
  A minotaur (Gauntlet)
  The ghost of strifetoe the Fighter, a journeyman PaWz of Okawaru (Lair:1)
  An ettin (Orc:2)
  A fire dragon (D:14)
  8 vault guards (D:13)
  A hell beast (Gauntlet)
  3 hydras
  2 catoblepae
  A centaur warrior (D:13)
  3 two-headed ogres
  A death knight (D:13)
  2 orc high priests
  The ghost of ALWAYSlose the Protected, a novice MiFi of Okawaru (D:8)
  5 skeletal warriors
  An unseen horror (D:11)
  A wizard (Gauntlet)
  2 wolf spider zombies (D:13)
  A phantasmal warrior (D:14)
  Pikel (D:8)
  5 ugly things
  9 deep elf magi (D:13)
  9 orc sorcerers
  2 oklob plants (Lair:2)
  A cyclops (D:14)
  2 manticores
  A salamander (shapeshifter) (D:14)
  Maurice (D:8)
  2 centaur zombies (D:13)
  2 black mambas
  4 gargoyles
  3 cane toads (Lair:2)
  5 komodo dragons
  2 freezing wraiths
  7 trolls
  A queen bee (D:9)
  A wind drake (Lair:2)
  2 polar bears
  A meliai (D:9)
  A meliai zombie (D:13)
  4 blink frogs (Lair:1)
  2 slime creatures (D:12)
  A shadow (D:9)
  A vampire (D:13)
  3 wyverns
  A wraith (D:14)
  19 yaks
  A basilisk (D:14)
  Grum (D:8)
  4 vampire mosquitoes (D:13)
  8 wargs
  2 acid dragons
  13 water moccasins
  5 ice beasts
  A hornet zombie (D:10)
  A meliai simulacrum (D:12)
  2 black bears
  19 orc warriors
  6 sky beasts
  9 ogres
  3 phantoms
  13 wolves
  8 centaurs
  4 lemures (D:8)
  A big kobold (D:9)
  Blork the orc (D:5)
  An elf zombie (Ossuary)
  9 bullfrogs
  A gnoll sergeant (D:6)
  A wyvern skeleton (D:12)
  10 scorpions
  19 killer bees (D:9)
  2 water moccasin skeletons
  15 wights
  4 howler monkeys
  4 quasits
  14 hounds
  3 bullfrog skeletons
  3 bullfrog zombies
  21 orc priests
  4 jellies
  5 centaur skeletons
  45 orc wizards
  11 worker ants
  A killer bee zombie (D:9)
  A big kobold zombie (Ossuary)
  2 hound skeletons (D:5)
  5 mummies
  A howler monkey zombie (D:11)
  7 gnolls
  18 adders
  5 shadow imps
  3 white imps
  2 ufetubi (D:6)
  An ooze (D:2)
  4 adder zombies
  4 worms
  3 dart slugs
  6 leopard geckos
  120 orcs
  9 giant cockroaches
  13 goblins
  5 hobgoblins
  8 jackals
  6 kobolds
  8 quokkas
  4 bats
  6 frilled lizards
  4 goblin zombies (Ossuary)
  A hobgoblin zombie (Ossuary)
  A jackal zombie (D:6)
  4 kobold zombies (Ossuary)
  A leopard gecko skeleton (D:4)
  A quokka zombie (Ossuary)
  6 rats
  3 rat zombies (Ossuary)
  A bush (Lair:1)
669 creatures vanquished.

Vanquished Creatures (collateral kills)
  A deep elf mage (D:13)
1 creature vanquished.

Vanquished Creatures (others)
  An orc wizard (Orc:2)
  3 fungi
  15 plants
  22 withered plants
41 creatures vanquished.

Grand Total: 711 creatures vanquished

Notes
Turn   | Place    | Note
-------+----------+-------------------------------------------
     0 | D:1      | snetch the Minotaur Berserker began the quest for the Orb.
     0 | D:1      | Reached XP level 1. HP: 19/19 MP: 0/0
   383 | D:1      | Reached XP level 2. HP: 27/27 MP: 1/1
   468 | D:1      | Reached skill level 4 in Axes
   647 | D:1      | Reached XP level 3. HP: 33/33 MP: 2/2
   740 | D:1      | Reached ** piety under Trog
  1388 | D:2      | Reached skill level 5 in Axes
  1388 | D:2      | Reached XP level 4. HP: 38/41 MP: 3/3
  1388 | D:2      | Found a shadowy altar of Dithmenos.
  1394 | D:2      | Reached XP level 5. HP: 43/47 MP: 4/4
  1685 | D:2      | Reached skill level 6 in Axes
  1719 | D:3      | Found a shimmering blue altar of Sif Muna.
  1745 | D:4      | Found a staircase to the Ecumenical Temple.
  1843 | Temple   | Entered the Ecumenical Temple
  2173 | D:2      | Found a basalt altar of Yredelemnul.
  2585 | D:3      | Reached XP level 6. HP: 46/55 MP: 5/5
  2766 | D:3      | Reached *** piety under Trog
  2979 | D:3      | Found a faded altar of an unknown god.
  3178 | D:4      | Reached skill level 7 in Axes
  3300 | D:4      | Found a burning altar of Makhleb.
  3311 | D:4      | Reached skill level 5 in Fighting
  3311 | D:4      | Reached skill level 8 in Axes
  3311 | D:4      | Reached XP level 7. HP: 30/61 MP: 6/6
  3555 | D:5      | Entered Level 5 of the Dungeon
  3605 | D:4      | Found a glowing golden altar of the Shining One.
  3633 | D:4      | Found a shimmering altar of Xom.
  3635 | D:4      | Found a hazy altar of Hepliaklqana.
  3635 | D:4      | Found a shimmering blue altar of Sif Muna.
  3637 | D:4      | Found a sacrificial altar of Ru.
  3637 | D:4      | Found a glowing silver altar of Zin.
  3637 | D:4      | Found a basalt altar of Yredelemnul.
  3676 | D:4      | Reached skill level 9 in Axes
  3676 | D:4      | Reached skill level 5 in Armour
  3732 | D:4      | Found a snail-covered altar of Cheibriados.
  3813 | D:4      | Found an ornate altar of the Wu Jian Council.
  4214 | D:5      | Found a broken altar of Ashenzari.
  4228 | D:5      | Found a snail-covered altar of Cheibriados.
  4298 | D:5      | Noticed Blork the orc
  4305 | D:5      | Killed Blork the orc
  4305 | D:5      | Reached XP level 8. HP: 60/68 MP: 7/7
  4439 | D:5      | Found a radiant altar of Vehumet.
  4605 | D:6      | Upgraded the game from 0.26-a0-672-g1df16c3386 to
                  | 0.26-a0-682-g294304f6e8
  4688 | D:7      | Reached skill level 10 in Axes
  4857 | D:7      | Found a sand-covered staircase.
  4867 | Ossuary  | Entered an ossuary
  4963 | Ossuary  | Reached **** piety under Trog
  5322 | D:6      | Reached skill level 11 in Axes
  6192 | D:7      | Reached XP level 9. HP: 39/78 MP: 8/8
  6192 | D:7      | Reached ***** piety under Trog
  6216 | D:8      | Noticed Grum
  6221 | D:8      | Reached skill level 12 in Axes
  6228 | D:8      | Killed Grum
  6678 | D:7      | Found an iron altar of Okawaru.
  6775 | D:8      | Noticed a two-headed ogre
  6784 | D:8      | Killed a two-headed ogre
  6784 | D:8      | Reached skill level 13 in Axes
  7313 | D:8      | Noticed Pikel
  7325 | D:8      | Killed Pikel
  7325 | D:8      | Reached skill level 14 in Axes
  7325 | D:8      | Reached XP level 10. HP: 65/88 MP: 9/9
  7482 | D:8      | Noticed Maurice
  7485 | D:8      | Killed Maurice
  7576 | D:8      | Found a runed translucent gate.
  7576 | D:8      | Found a runed translucent gate.
  7576 | D:8      | Found a runed translucent gate.
  7578 | D:8      | Noticed a ten-headed hydra
  7578 | D:8      | Noticed ALWAYSlose's ghost (novice MiFi)
  7580 | D:8      | Noticed a nine-headed hydra
  7837 | D:9      | Found a staircase to the Lair.
  7971 | D:9      | Found a shadowy altar of Dithmenos.
  7983 | D:10     | Entered Level 10 of the Dungeon
  8151 | D:9      | Reached skill level 15 in Axes
  8571 | D:9      | Noticed a two-headed ogre
  8577 | D:9      | Killed a two-headed ogre
  8592 | D:9      | Identified the +5 battleaxe of Disaster {vorpal, rC++}
  8592 | D:9      | Noticed a skeletal warrior
  8602 | D:9      | Killed a skeletal warrior
  8991 | D:9      | Got a fading dagger
  9012 | D:9      | Got a pair of polished gloves
  9023 | D:9      | Identified the +1 pair of gloves of Repulsion {MP+9} (You
                  | found it on level 9 of the Dungeon)
  9091 | D:9      | Identified the +8 dagger "Kauddara" {protect, +Blink Str+6}
                  | (You found it on level 9 of the Dungeon)
  9122 | D:9      | Reached skill level 16 in Axes
  9122 | D:9      | Reached XP level 11. HP: 88/95 MP: 10/10
  9161 | D:9      | Received a gift from Trog
 10238 | D:10     | Got a warped chain mail
 10243 | D:10     | Identified the +10 chain mail of Entitlement {rPois} (You
                  | found it on level 10 of the Dungeon)
 10835 | D:11     | Reached skill level 17 in Axes
 11127 | D:11     | Killed an unseen horror
 11286 | D:11     | Noticed a five-headed hydra
 11296 | D:11     | Killed a five-headed hydra
 11794 | D:12     | Found a staircase to the Orcish Mines.
 11801 | D:12     | Noticed a two-headed ogre
 11812 | D:12     | Killed a two-headed ogre
 11813 | D:12     | Reached skill level 18 in Axes
 12292 | D:12     | Reached XP level 12. HP: 92/106 MP: 11/11
 12639 | D:13     | Noticed Frances
 12801 | D:12     | Killed Frances
 12801 | D:12     | Reached ****** piety under Trog
 12801 | D:12     | Reached skill level 10 in Fighting
 13357 | Orc:1    | Entered Level 1 of the Orcish Mines
 13357 | Orc:1    | Noticed an orc high priest
 13587 | Orc:1    | Killed an orc high priest
 13587 | Orc:1    | Reached skill level 1 in Throwing
 13752 | Orc:1    | Received a gift from Trog
 13978 | Orc:1    | You fall into a shaft and drop 1 floor!
 13978 | Orc:2    | Entered Level 2 of the Orcish Mines
 13981 | Orc:2    | Found a staircase to the Elven Halls.
 14007 | Orc:2    | Reached skill level 19 in Axes
 14007 | Orc:2    | Reached skill level 10 in Armour
 14103 | Orc:2    | Noticed an ettin
 14113 | Orc:2    | Killed an ettin
 14246 | Orc:2    | Noticed a stone giant
 14260 | Orc:2    | HP: 5/107 [stone giant (22)]
 14263 | Orc:2    | Killed a stone giant
 14809 | Orc:2    | Found a transporter.
 14811 | Orc:2    | Noticed om's ghost (journeyman HOFi)
 14817 | Orc:2    | Noticed an orc high priest
 14829 | Orc:2    | Killed an orc high priest
 14888 | Orc:2    | Found a transporter.
 15176 | Orc:2    | Found a roughly hewn altar of Beogh.
 15202 | Orc:2    | Found Raepn's Antique Armour Emporium.
 15248 | Orc:2    | Found Riri's Weapon Shop.
 15260 | Orc:2    | Reached skill level 20 in Axes
 15266 | Orc:2    | Reached XP level 13. HP: 100/115 MP: 12/12
 15335 | Orc:2    | Noticed Jorgrun
 15588 | Orc:2    | Found Uniall's Antique Armour Emporium.
 15638 | Orc:2    | Found Qantatubb's Jewellery Shop.
 15644 | Orc:2    | Received a gift from Trog
 16174 | D:8      | Reached skill level 1 in Stealth
 16183 | D:8      | Killed ALWAYSlose's ghost
 16192 | D:8      | Got a translucent scimitar
 16601 | D:13     | You fall into a shaft and drop 1 floor!
 16656 | D:14     | Reached skill level 1 in Evocations
 16698 | D:14     | Identified the +7 scimitar "Woufuq" {freeze, rN+ MR+} (You
                  | found it on level 8 of the Dungeon)
 16764 | D:14     | Noticed a fire dragon
 16777 | D:14     | Killed a fire dragon
 17808 | D:13     | Received a gift from Trog
 18455 | D:13     | Reached XP level 14. HP: 113/130 MP: 13/13
 18515 | D:13     | Found a gate to the Vaults.
 19006 | D:13     | Reached skill level 5 in Dodging
 19228 | D:14     | Found a basalt altar of Yredelemnul.
 19514 | Lair:1   | Entered Level 1 of the Lair of Beasts
 19723 | Lair:1   | Reached skill level 15 in Fighting
 19935 | Lair:1   | Found the +8 whip "Snakebite" {curare, rPois}
 19939 | Lair:1   | Upgraded the game from 0.26-a0-682-g294304f6e8 to
                  | 0.26-a0-683-g5206c1d7ac
 20206 | Lair:1   | Found a runed translucent door.
 20207 | Lair:1   | Noticed strifetoe's ghost (journeyman PaWz)
 20220 | Lair:1   | Killed strifetoe's ghost
 20338 | Lair:2   | Found a gate leading to a gauntlet.
 20375 | Gauntlet | Entered a Gauntlet
 20375 | Gauntlet | Found a transporter.
 20384 | Gauntlet | Found a transporter.
 20386 | Gauntlet | Found a transporter.
 20445 | Gauntlet | Found a transporter.
 20456 | Gauntlet | Found a transporter.
 20461 | Gauntlet | Found a transporter.
 20476 | Gauntlet | Found a transporter.
 20495 | Gauntlet | Found a transporter.
 20507 | Gauntlet | Found a transporter.
 20519 | Gauntlet | Found a transporter.
 20525 | Gauntlet | Found a transporter.
 20540 | Gauntlet | Found a transporter.
 20546 | Gauntlet | Found a transporter.
 20561 | Gauntlet | Found a transporter.
 20567 | Gauntlet | Found a transporter.
 20607 | Gauntlet | Found a transporter.
 20620 | Gauntlet | Identified the ring of Agerytex {rPois rF- rC+++ MR+ Str-3}
 20634 | Gauntlet | Found a transporter.
 20726 | Gauntlet | Found a transporter.
 21016 | Gauntlet | Identified the +1 leather armour of the Sturgeon {Rampage}
 21062 | Gauntlet | Got a masterwork leather armour
 21145 | Lair:2   | Identified the +2 leather armour of Hilag {+Fly rElec} (You
                  | found it in a Gauntlet)
 21631 | Lair:1   | Received a gift from Trog
 21919 | Lair:2   | Found a staircase to the Shoals.
 22431 | Lair:2   | HP: 2/137 [oklob plant/splash of acid (7)]
 22431 | Lair:2   | Splashed by an oklob plant's acid

Illustrated notes

Levels and vault maps discovered:
D:1:      dpeg_arrival_morbid_curiosity, layout_basic
D:2:      layout_basic, yredelemnul_altar_generic,
          grunt_dithmenos_smoke_and_mirrors
D:3:      layout_loops_cross, lemuel_crystal_altar,
          chequers_ecumenical_altar_simple
D:4:      layout_rooms, tso_oasis_becter, nicolae_overflow_hidden_temple,
          kennysheep_mini, doesnt_xom_only_xom, cheibriados_altar_1,
          temple_fountains, minmay_manual_macuahuitl
D:5:      layout_cave_pools, marbit_many_paths, nicolae_ashenzari_panopticon,
          basic_altar, uniq_blork_the_orc
D:6:      layout_basic
D:7:      layout_rooms, lemuel_coloured_pillars_altar, enter_ossuary_1
D:8:      layout_basic, gammafunk_ghost_hydra_chop, uniq_maurice, uniq_pikel,
          uniq_grum
D:9:      minmay_the_grid_octo_triangle [minmay_the_grid_octo_checkerflower,
          minmay_the_grid_octo_prize_star, minmay_the_grid_octo_clover],
          layout_small_grid, old_standard_altar, lair_entry_dummy, special_room
          [special_room_bee]
D:10:     layout_roguey [special_room_orc], chequers_serial_rivers_room_a
D:11:     layout_stronghold
D:12:     layout_gridville, david_orc_3, drop_trap
D:13:     layout_basic, erik_vaults_2, serial_undead, serial_undead_f,
          serial_undead_d, serial_undead_e, serial_undead_e, serial_undead_f,
          elves_outpost_lemuel, uniq_frances
D:14:     layout_loops_cross, chequers_decorated_corner,
          hangedman_feature_mirror, hex_large, uniq_roxanne
Temple:   jpeg_temple_clearing
Lair:1:   minmay_guarded_unrand_snakebite, layout_regular_city,
          gammafunk_ghost_grave, grunt_megastairs_5
Lair:2:   layout_cave_shapes, minmay_shoals_entry_beasts,
          gauntlet_entry_generic, lemuel_fruit_fields, minmay_lair_oklob_chamber
Lair:3:   layout_loops_ring, nicolae_spider_entry_orb_guardian
Orc:1:    layout_caves
Orc:2:    st_orc_town, layout_caves, gammafunk_ghost_berserking_beasts,
          nicolae_orc_crystal_geode, uniq_jorgrun

Skill      XL: |  1  2  3  4  5  6  7  8  9 10 11 12 13 14 |
---------------+-------------------------------------------+-----
Fighting       | 4 5 6 7 8 9 10 13 16 | 16.2
Axes           | 4 5 6 8 9 11 14 16 18 20 | 20.0
Armour         | 3 4 5 6 7 8 9 10 12 14 | 14.0
Dodging        | 3 4 5 |  5.5
Throwing       | 1 |  1.7
Stealth        | 1 2 |  2.1
Evocations     | 2 |  2.4

Action                   |  1- 3 |  4- 6 |  7- 9 | 10-12 | 13-15 || total
-------------------------+-------+-------+-------+-------+-------++-------
Melee: Hand axe          |    79 |    11 |       |       |    12 ||   102
       Headbutt          |    12 |    15 |    42 |   101 |   133 ||   303
       Battleaxe         |       |    91 |   251 |   511 |   529 ||  1382
       Dagger            |       |       |       |     6 |     1 ||     7
Throw: Dart              |       |       |     4 |    23 |     2 ||    29
Invok: Berserk           |     2 |       |     1 |     4 |     3 ||    10
       Trog's Hand       |       |     1 |       |     4 |     3 ||     8
       Brothers in Arms  |       |       |       |     1 |       ||     1
 Abil: Evoke Blink       |       |       |       |       |     5 ||     5
       Evoke Flight      |       |       |       |       |     3 ||     3
Evoke: Box of beasts     |       |       |       |       |     3 ||     3
  Use: Scroll            |       |       |       |    17 |     7 ||    24
Armor: Chain mail        |    45 |    48 |   132 |   201 |   243 ||   669
       Animal skin       |     3 |       |       |       |       ||     3
       Plate armour      |       |       |    20 |   112 |       ||   132
Dodge: Dodged            |    40 |    45 |   130 |   222 |   206 ||   643

Table legend: (Time is in decaauts)
 A = Elapsed time spent in this place.
 B = Non-inter-level travel time spent in this place.
 C = Inter-level travel time spent in this place.
 D = Time resting spent in this place.
 E = Time spent auto-exploring this place.
 F = Levels seen in this place.
 G = Mean time per level.
                   A        B        C        D        E       F      G
               +--------+--------+--------+--------+--------+-----+--------+
         Total |  22408 |  20814 |   1594 |   2411 |  11769 |  22 | 1018.5 |
       Dungeon |  16827 |  15591 |   1236 |   2048 |   9042 |  14 | 1201.9 |
        Temple |     89 |     77 |     12 |      0 |     76 |   1 |   89.0 |
          Lair |   1953 |   1719 |    234 |      0 |    949 |   3 |  651.0 |
  Orcish Mines |   2553 |   2442 |    111 |    363 |   1201 |   2 | 1276.5 |
       Ossuary |    237 |    237 |      0 |      0 |    161 |   1 |  237.0 |
      Gauntlet |    747 |    747 |      0 |      0 |    340 |   1 |  747.0 |
               +--------+--------+--------+--------+--------+-----+--------+

Top non-repeatable levels by time:
    D:12: 2024 daAuts
    D:13: 1943 daAuts
     D:9: 1813 daAuts
   Orc:2: 1566 daAuts
     D:8: 1339 daAuts
     D:2: 1296 daAuts
  Lair:1: 1206 daAuts
    D:10: 1187 daAuts
    D:11: 1186 daAuts
     D:1: 1042 daAuts
   Orc:1: 987 daAuts
     D:6: 962 daAuts
     D:7: 902 daAuts
    D:14: 874 daAuts
     D:4: 856 daAuts
